 Dungeon Crawl Stone Soup version 0.16.2-12-gd0ad4c3 (webtiles) character file.

58 deKoprolKing the Shield-Bearer (level 4, -15/36 HPs)
             Began as a Formicid Fighter on Oct 1, 2015.
             Demolished by North's ghost (17 damage)
             ... on level 3 of the Dungeon.
             The game lasted 00:06:58 (852 turns).

deKoprolKing the Shield-Bearer (Formicid Fighter)    Turns: 852, Time: 00:06:58

Health: -15/36     AC:  6    Str: 22    XL:     4   Next: 21%
Magic:  5/5        EV:  8    Int:  7    God:
Gold:   44         SH:  9    Dex: 10    Spells: 0 memorised, 3 levels left

rFire  . . .     SeeInvis +     a - +0 rapier
rCold  . . .     Clarity  .     b - +0 scale mail
rNeg   . . .     SustAb   .     c - +0 shield
rPois  .         Gourm    .     (helmet unavailable)
rElec  .         Spirit   .     (no cloak)
rCorr  .         Warding  .     (no gloves)
rMut   .         Stasis   +     (no boots)
MR     .....                    (no amulet)
Stlth  ..........               (no ring)
                                (no ring)

@: not resistant to hostile enchantments, extremely unstealthy
A: permanent stasis, dig shafts and tunnels, four strong arms, antennae 3
a: Dig, Shaft Self


You were on level 3 of the Dungeon.
You were not hungry.

You visited 1 branch of the dungeon, and saw 3 of its levels.

You collected 44 gold pieces.

Inventory:

Hand weapons
 a - a +0 rapier (weapon)
 p - a +4 spear of freezing
 t - a cursed -1 club
 w - a +0 dagger
Missiles
 i - 18 arrows
 j - 20 poisoned needles
 o - 10 stones (quivered)
 s - 12 sling bullets
 v - 8 javelins of penetration
Armour
 b - a +0 scale mail (worn)
 c - a +0 shield (worn)
 g - a cursed -2 robe
 l - a +0 ring mail
 m - a +0 robe
 n - a +0 cloak
Jewellery
 h - an uncursed amulet of the gourmand {unknown}
Scrolls
 f - 3 scrolls of remove curse {unknown}
 k - a scroll of enchant weapon {unknown}
 q - a scroll of noise {unknown}
 u - 2 scrolls of identify {unknown}
 y - a scroll of blinking {unknown}
Potions
 e - a potion of might
 r - a potion of brilliance {unknown}
 x - a potion of curing {unknown}
Comestibles
 d - a bread ration
 z - a meat ration
 A - a fruit
 B - 3 chunks of flesh


   Skills:
 + Level 3.6 Fighting
 + Level 2.3 Short Blades
 + Level 3.5 Armour
 + Level 1.2 Dodging
 + Level 4.4 Shields


You had 3 spell levels left.
You didn't know any spells.

Dungeon Overview and Level Annotations

Branches:
Dungeon (3/15)

Altars:
Nemelex Xobeh

Annotations:
D:3 North's ghost, experienced HOFi


Innate Abilities, Weirdness & Mutations

You are under a permanent stasis effect.
You can dig through walls and to a lower floor.
Your four strong arms can wield two-handed weapons with a shield.
You have a pair of large antennae on your head (SInv).


Message History

North's ghost is lightly damaged.
You block North's ghost's attack. North's ghost hits you.
* * * LOW HITPOINT WARNING * * *
You hit North's ghost.
North's ghost is lightly damaged.
North's ghost hits you.
* * * LOW HITPOINT WARNING * * *
You hit North's ghost but do no damage.
North's ghost is lightly damaged.
You block North's ghost's attack.
Things that are here:
a short sword; a bat corpse North's ghost hits you.
* * * LOW HITPOINT WARNING * * *
North's ghost wails.
North's ghost hits you.
* * * LOW HITPOINT WARNING * * *
You see here 16 gold pieces.
North's ghost hits you!
You die...

..................
###.##...>##.##...
#)###...#..#
#.......#..#
#...###)....# #..
###.<##.# ##
#.......#
#.......##
#....W@..#
####..$..# ##...##
#...# #####


You could see North's ghost.

Vanquished Creatures
  An orc priest (D:3)
  A giant mite (D:2)
  5 bats
  4 goblins
  A hobgoblin (D:1)
  5 jackals (D:1)
  A kobold (D:1)
  A giant cockroach (D:1)
  2 rats (D:1)
21 creatures vanquished.

Notes
Turn   | Place    | Note
--------------------------------------------------------------
     0 | D:1      | deKoprolKing, the Formicid Fighter, began the quest for the Orb.
     0 | D:1      | Reached XP level 1. HP: 18/18 MP: 1/1
   169 | D:1      | Reached XP level 2. HP: 14/24 MP: 3/3
   346 | D:1      | Reached skill level 4 in Shields
   622 | D:1      | You fall through a shaft!
   687 | D:2      | Reached XP level 3. HP: 26/29 MP: 4/4
   772 | D:3      | Found a sparkling altar of Nemelex Xobeh.
   802 | D:3      | Reached skill level 1 in Dodging
   802 | D:3      | Reached XP level 4. HP: 29/36 MP: 5/5
   823 | D:3      | Noticed North's ghost (experienced HOFi)
   852 | D:3      | Demolished by North's ghost

Action                   |  1- 3 |  4- 6 || total
-------------------------+-------+-------++-------
Melee: Rapier            |    77 |    18 ||    95
